 Dungeon Crawl Stone Soup version 0.29.1-4-g47bece8355 (webtiles) character file.

Game seed: 16577949356087216845

46889 PhantomBowie the Fighter (level 14, -14/96 HPs)
             Began as a Gargoyle Berserker on Dec 4, 2022.
             Was the Champion of Trog.
             Blown up by a lich (58 damage)
             ... with an orb of destruction
             ... on level 1 of the Abyss on Dec 6, 2022.
             The game lasted 01:24:58 (24319 turns).

PhantomBowie the Fighter (Gargoyle Berserker)      Turns: 24319, Time: 01:24:59

Health: -14/96     AC: 48    Str: 26    XL:     14   Next: 39%
Magic:  0/12       EV: 12    Int:  6    God:    Trog [******]
Gold:   1388       SH:  7    Dex: 15    Spells: 13/13 levels left

rFire   + . .      SeeInvis +   P - +3 eveningstar (flame)
rCold   . . .      Faith    .   L - +0 buckler
rNeg    + . .      Spirit   +   e - +11 shadow dragon scales of Gapug {Rampage SInv Stlth++++}
rPois   ∞          Reflect  .   l - +0 helmet
rElec   +          Harm     .   o - +1 cloak
rCorr   .          Rampage  ∞   (no gloves)
Will    +....                   r - +3 pair of seven-league boots {Rampage+∞}
Stlth   ++........              R - amulet of guardian spirit
HPRegen 0.26/turn               N - +6 ring of dexterity
MPRegen 0.13/turn               O - ring of protection from fire

@: about to teleport, flying, slowed, very slow
A: sickness immunity, AC +10, big wings, negative energy resistance 1,
electricity resistance, torment resistance 1, petrification resistance,
devolution 1, [dopey 1], [low MP 1], ([teleportitis 1])
a: Renounce Religion, Berserk, Trog's Hand, Brothers in Arms


You were on level 1 of the Abyss.
You worshipped Trog.
Trog was exalted by your worship.
You visited 3 branches of the dungeon, and saw 17 of its levels.
You visited the Abyss 1 time.
You also visited: Sewer and Ossuary.

You collected 1388 gold pieces.

Inventory:

Hand Weapons
 P - a +3 eveningstar of flaming (weapon)
Missiles
 M - 8 throwing nets (quivered)
Armour
 e - the +11 shadow dragon scales of Gapug (worn) {Rampage SInv Stlth++++}
   (You found it on level 2 of the Lair of Beasts)

   SInv:      It lets you see invisible.
   Rampage:   It bestows one free step when moving towards enemies.
   Stlth:     It makes you much more stealthy.
 l - a +0 helmet (worn)
 o - a +1 cloak (worn)
 r - the +3 pair of seven-league boots (worn) {Rampage+∞}
   (You found it on level 5 of the Lair of Beasts)

   Its wearer moves as far as possible in that direction when moving towards
   enemies.
 F - a +0 plate armour
 H - a +0 pair of boots
 L - a +0 buckler (worn)
Jewellery
 x - a ring of ice
 N - a +6 ring of dexterity (left hand)
 O - a ring of protection from fire (right hand)
 R - an amulet of guardian spirit (around neck)
Wands
 m - a wand of paralysis (11)
 p - a wand of light (17)
 s - a wand of flame (10)
 I - a wand of mindburst (21)
 K - a wand of iceblast (17)
Scrolls
 a - a scroll of acquirement {unknown}
 b - 8 scrolls of teleportation
 d - 3 scrolls of silence {unknown}
 f - 2 scrolls of poison {unknown}
 h - 5 scrolls of blinking
 k - 2 scrolls of butterflies {unknown}
 n - 4 scrolls of magic mapping
 v - 4 scrolls of noise
 y - 6 scrolls of enchant armour
 A - 2 scrolls of immolation {unknown}
 B - 2 scrolls of torment {unknown}
 E - a scroll of enchant weapon {unknown}
 J - a scroll of fear {unknown}
Potions
 c - a potion of resistance {unknown}
 g - 4 potions of might
 i - 2 potions of heal wounds {unknown}
 j - 6 potions of attraction
 q - a potion of brilliance {unknown}
 t - 9 potions of curing
 u - 7 potions of mutation
 z - a potion of lignification {unknown}
 C - 3 potions of haste {unknown}
 D - 5 potions of cancellation
 G - 5 potions of ambrosia
 Q - 2 potions of magic


   Skills:
 + Level 14.0 Fighting
 + Level 12.9 Maces & Flails
 + Level 13.7 Armour
 - Level 7.0 Dodging
 + Level 10.4 Shields


You had 13 spell levels left.
You didn't know any spells.
Your spell library was empty.

Dungeon Overview and Level Annotations

Branches:
Dungeon (11/15)            Temple (1/1) D:7            Lair (5/5) D:10
  Swamp (0/4) Lair:2        Snake (0/4) Lair:3        Slime (0/5) Lair:5
  Sewer (visited)         Ossuary (visited)
    Orc: D:9-12

Altars:
Ashenzari
Cheibriados
Dithmenos
Elyvilon
Fedhas
Gozag
Hepliaklqana
Kikubaaqudgha
Makhleb
Nemelex Xobeh
Okawaru
Qazlal
Ru
Sif Muna
Trog
Uskayaw
Vehumet
Wu Jian
Xom
Yredelemnul
Zin
The Shining One

Shops:
D:6 *

Annotations:
D:8 1 transporter
D:11 Fannar


Innate Abilities, Weirdness & Mutations

You are immune to sickness and miasma.
Your stone body is resilient. (AC +10)
You are immune to poison.
Your large and strong wings let you fly.
You resist negative energy. (rN+)
You are resistant to electric shocks. (rElec)
You are resistant to unholy torment.
You are immune to petrification.
You have hidden genetic defects.
[You are dopey. (Int -2)]
[Your magical capacity is low. (-10% MP)]
[((You are occasionally teleported next to monsters.))]


Message History

You kill the sixfirhy!
Trog accepts your kill.
You feel the corruption within you wane somewhat.
You feel a little more calm.
You feel stronger.
Your magic regains its normal vibrancy.
Your Fighting skill increases to level 14!
You bludgeon the chaos spawn!! You burn the chaos spawn.
The chaos spawn is severely wounded.
You block the chaos spawn's attack.
You impale the chaos spawn!! You burn the chaos spawn.
You kill the chaos spawn!
Trog accepts your kill.
The chaos spawn degenerates into a cloud of primal chaos!
Really fly into that cloud of seething chaos?
Okay, then.
You are suddenly pulled into a different region of the Abyss!
A lich comes into view.
The lich shouts!
The lich casts a spell.
The lich seems to speed up.
The lich mumbles some strange words.
The lich flickers and vanishes for a moment.
The lich conjures a glowing orb.
An orb of destruction comes into view.
The lich conjures a glowing orb.
An orb of destruction comes into view.
The orb of destruction hits you!!!
Ouch! That really hurt!
As you read the scroll of teleportation, it crumbles to dust.
You feel strangely unstable.
You feel the power of the Abyss delaying your translocation!
The lich points at you and mumbles some strange words.
You feel yourself slow down. The lich casts a spell at you.
You barely resist.
The lich launches a ball of destructive magic.
An orb of destruction comes into view.
The orb of destruction hits you!!!
Ouch! That really hurt!
You die...

.# #.#. ### # ..... .§
.. ...... .. ...
......## .##.... ......
....# ..#.#....#
######### #.#@##
.#.....#....###○☼.##.#
......°°*.###☼○...#...
.....°....°○°L...###.###
..###..##.#.#..#..###..#
#.#.##.####.####....#
......### #... .. .#
...#... #..##..## .
#....#.. ##... ... .#


You could see a lich (fast, invisible).

Vanquished Creatures
  A cacodemon (Abyss:1)
  A dire elephant (Lair:5)
  Harold (D:9)
  4 hydras
  A merfolk avatar (Lair:5)
  2 boulder beetles (Lair:5)
  A catoblepas (Lair:1)
  A centaur warrior (D:8)
  2 two-headed ogres
  A thrashing horror (Abyss:1)
  Urug (Lair:5)
  A sixfirhy (Abyss:1)
  Amaemon (Lair:1)
  A glowing orange brain (Abyss:1)
  2 sea snakes (Lair:5)
  2 harpies (Lair:5)
  A shadow dragon skeleton (Abyss:1)
  5 large abominations (Abyss:1)
  A manticore (Lair:5)
  7 black mambas
  3 elephants (Lair:5)
  An apocalypse crab (Abyss:1)
  A guardian serpent (Lair:5)
  An orange demon (Lair:1)
  5 cane toads
  A torpor snail (Lair:5)
  8 komodo dragons
  3 rime drakes
  3 starcursed masses (Abyss:1)
  A queen bee (Lair:3)
  2 trolls (D:8)
  A raiju (Abyss:1)
  A hornet (D:10)
  8 blink frogs
  A wind drake (Lair:5)
  Grinder (D:2)
  An iron dragon simulacrum (Abyss:1)
  3 flying skulls (Abyss:1)
  8 wyverns
  A ynoxinul (Abyss:1)
  A basilisk (Lair:4)
  3 wraiths (D:10)
  43 yaks
  4 fire bats (Abyss:1)
  A chaos spawn (Abyss:1)
  A steam dragon (Lair:5)
  2 acid dragons
  Menkaure (D:7)
  11 water moccasins
  2 black bears
  A sky beast (D:7)
  2 ice beasts (D:5)
  6 orc warriors
  2 ogres
  15 wolves
  2 centaurs (D:9)
  An elf zombie (Ossuary)
  A phantom (D:7)
  4 kobold brigands
  13 bullfrogs
  A gnoll sergeant (D:8)
  3 scorpions
  2 necrophages
  3 wights (D:7)
  48 killer bees
  3 electric eels (D:7)
  6 howler monkeys
  5 hounds
  4 jellies
  A quasit (Sewer)
  14 orc priests
  2 spectral scorpions (D:4)
  3 human zombies (Ossuary)
  3 gnoll boudas
  An iguana (D:6)
  Crazy Yiuf (D:2)
  Natasha (D:4)
  6 orc wizards
  A scorpion zombie (D:4)
  A small abomination (Abyss:1)
  2 hound zombies (Ossuary)
  4 mummies
  A hound skeleton (D:4)
  Robin (D:2)
  17 gnolls
  2 adders
  5 shadow imps (Sewer)
  2 white imps
  8 ufetubi
  5 adder zombies
  An adder skeleton (D:4)
  3 worms
  7 dart slugs
  49 orcs
  5 bats
  5 endoplasms
  5 giant cockroaches
  5 gnoll zombies (Ossuary)
  12 goblins
  6 hobgoblins
  35 kobolds
  4 quokkas
  4 ball pythons
  2 frilled lizards (D:2)
  7 goblin zombies (Ossuary)
  3 hobgoblin zombies (Ossuary)
  A jackal zombie (Ossuary)
  3 kobold zombies
  An orc zombie (Ossuary)
  3 quokka zombies (Ossuary)
  6 rats
  2 rat zombies (Ossuary)
  A butterfly (Lair:2)
  A lurking horror (Abyss:1)
534 creatures vanquished.

Vanquished Creatures (others)
  25 fungi
  40 plants
  7 starspawn tentacles (Abyss:1)
  16 withered plants (D:4)
88 creatures vanquished.

Grand Total: 622 creatures vanquished

Notes
Turn   | Place    | Note
-------+----------+-------------------------------------------
     0 | D:1      | PhantomBowie the Gargoyle Berserker began the quest for the
                  | Orb.
     0 | D:1      | Reached XP level 1. HP: 14/14 MP: 1/1
   352 | D:1      | Reached XP level 2. HP: 18/19 MP: 2/2
   525 | D:1      | You fall into a shaft and drop 1 floor!
  1292 | D:2      | Reached XP level 3. HP: 23/23 MP: 3/3
  1474 | D:2      | Noticed Robin
  1664 | D:2      | Killed Robin
  1793 | D:2      | Reached ** piety under Trog
  1809 | D:2      | Reached XP level 4. HP: 25/29 MP: 4/4
  2124 | D:2      | Found a runed translucent door.
  2125 | D:2      | Noticed Crazy Yiuf
  2184 | D:2      | Found a faded altar of an unknown god.
  2388 | D:2      | Killed Crazy Yiuf
  2389 | D:2      | Reached skill level 4 in Fighting
  2695 | D:3      | Reached XP level 5. HP: 30/33 MP: 5/5
  2873 | D:3      | Noticed Grinder
  2888 | D:2      | Paralysed by Grinder for 4 turns
  2897 | D:2      | Killed Grinder
  2898 | D:2      | Reached XP level 6. HP: 36/39 MP: 6/6
  3065 | D:3      | Reached skill level 5 in Fighting
  3186 | D:3      | Found a burning altar of Makhleb.
  3186 | D:3      | Found a shimmering blue altar of Sif Muna.
  3187 | D:3      | Found a sacrificial altar of Ru.
  3197 | D:3      | Found a hazy altar of Hepliaklqana.
  3371 | D:4      | Reached XP level 7. HP: 36/44 MP: 7/7
  3525 | D:4      | Found a sand-covered staircase.
  3585 | Ossuary  | Entered an ossuary
  3785 | Ossuary  | Reached *** piety under Trog
  3946 | Ossuary  | Reached skill level 5 in Maces & Flails
  3946 | Ossuary  | Reached skill level 5 in Armour
  5005 | D:4      | Reached XP level 8. HP: 48/51 MP: 8/8
  5059 | D:4      | Reached **** piety under Trog
  5091 | D:4      | Found the +4 dagger "Morg" {pain, Will+ Int+5}
  5093 | D:4      | Noticed Natasha
  5099 | D:4      | Killed Natasha
  5105 | D:4      | Reached skill level 6 in Fighting
  5222 | D:5      | Entered Level 5 of the Dungeon
  5481 | D:5      | Found a glowing drain.
  5486 | Sewer    | Entered a sewer
  5745 | Sewer    | Found a burning altar of Makhleb.
  6753 | D:5      | Reached XP level 9. HP: 53/56 MP: 9/9
  6762 | D:5      | Reached skill level 7 in Fighting
  7523 | D:5      | Reached skill level 5 in Dodging
  8370 | D:6      | Found Timub's Elemental Accessories.
  8456 | D:6      | Identified the +1 leather armour of the Fife {Drain rElec
                  | rC+}
  8936 | D:7      | Reached skill level 8 in Fighting
  8946 | D:7      | Found a staircase to the Ecumenical Temple.
  8958 | Temple   | Entered the Ecumenical Temple
  9109 | D:7      | Reached XP level 10. HP: 47/64 MP: 10/10
  9317 | D:7      | Reached ***** piety under Trog
  9575 | D:7      | Noticed a two-headed ogre
  9755 | D:7      | Killed a two-headed ogre
  9756 | D:7      | Reached skill level 9 in Fighting
  9805 | D:7      | Noticed Menkaure
  9810 | D:7      | Killed Menkaure
 10571 | D:8      | Noticed a centaur warrior
 10655 | D:8      | Identified the +3 dagger "Rimese" {speed, *Noise rElec rN+
                  | Str+6}
 11528 | D:8      | Killed a centaur warrior
 11608 | D:8      | Reached XP level 11. HP: 58/71 MP: 11/11
 12018 | D:8      | Found a transporter.
 12210 | D:8      | Reached skill level 1 in Shields
 12281 | D:8      | Found a transporter.
 12288 | D:8      | Found a transporter.
 12290 | D:8      | Found a transporter.
 12559 | D:9      | Noticed Harold
 12600 | D:9      | Killed Harold
 12601 | D:9      | Reached skill level 10 in Fighting
 12625 | D:8      | HP: 1/72 [killer bee (4)]
 12633 | D:8      | HP: 1/72 [killer bee (2)]
 13636 | D:8      | Reached skill level 10 in Armour
 14147 | D:10     | Entered Level 10 of the Dungeon
 14647 | D:10     | Found a staircase to the Lair.
 14740 | D:10     | Found an iron altar of Okawaru.
 14743 | D:10     | Noticed a two-headed ogre
 14752 | D:10     | Killed a two-headed ogre
 15267 | D:10     | Found a radiant altar of Vehumet.
 15267 | D:10     | Found a stormy altar of Qazlal.
 15431 | Lair:1   | Entered Level 1 of the Lair of Beasts
 15450 | Lair:1   | Reached skill level 10 in Maces & Flails
 15534 | Lair:1   | Received a gift from Trog
 15555 | Lair:1   | Noticed Amaemon
 15565 | Lair:1   | Killed Amaemon
 15566 | Lair:1   | Reached skill level 11 in Fighting
 15566 | Lair:1   | Reached skill level 5 in Shields
 15566 | Lair:1   | Reached XP level 12. HP: 80/80 MP: 12/12
 15689 | Lair:1   | Noticed an eight-headed hydra
 15703 | Lair:1   | Killed an eight-headed hydra
 16033 | Lair:1   | Noticed a catoblepas
 16073 | Lair:1   | Killed a catoblepas
 17096 | Lair:2   | Identified the +6 rapier "Nudam" {pain, rC- rN++ Int-2
                  | Stlth+}
 17307 | Lair:2   | Found a staircase to the Swamp.
 17640 | Lair:2   | Noticed a five-headed hydra
 17647 | Lair:2   | Killed a five-headed hydra
 17648 | Lair:2   | Reached skill level 12 in Fighting
 17953 | Lair:2   | Identified the +11 shadow dragon scales of Gapug {Rampage
                  | SInv Stlth++++}
 18273 | Lair:3   | Found a staircase to the Snake Pit.
 18443 | Lair:3   | Reached XP level 13. HP: 61/86 MP: 13/13
 19169 | Lair:2   | Identified the +10 spear of Conversion {vorpal, *Rage Dex+6
                  | SInv} (Trog gifted it to you on level 2 of the Lair of
                  | Beasts)
 19169 | Lair:2   | Received a gift from Trog
 21267 | Lair:5   | Entered Level 5 of the Lair of Beasts
 21267 | Lair:5   | Noticed Urug
 21282 | Lair:5   | Killed Urug
 21398 | Lair:5   | Found a staircase to the Slime Pits.
 21520 | Lair:5   | Reached skill level 13 in Fighting
 22449 | Lair:5   | Reached ****** piety under Trog
 22470 | Lair:5   | Gained mutation: Your large and strong wings let you fly.
                  | [Gargoyle growth]
 22470 | Lair:5   | Reached XP level 14. HP: 88/94 MP: 12/14
 22556 | Lair:5   | Noticed a dire elephant
 22568 | Lair:5   | Killed a dire elephant
 22718 | Lair:5   | Found the +3 pair of seven-league boots {Rampage+∞}
 23144 | D:11     | Noticed Fannar
 23212 | Abyss:1  | Cast into level 1 of the Abyss (gnoll sergeant)
 23264 | Abyss:1  | Noticed a starcursed mass
 23346 | Abyss:1  | Reached skill level 10 in Shields
 23404 | Abyss:1  | Paralysed by you for 3 turns
 23407 | Abyss:1  | Noticed a daeva
 23492 | Abyss:1  | Noticed a tentacled starspawn
 23589 | Abyss:1  | Noticed a bone dragon
 23603 | Abyss:1  | Found a snail-covered altar of Cheibriados.
 23614 | Abyss:1  | Found a corrupted altar of Lugonu.
 23616 | Abyss:1  | Noticed a cacodemon
 23631 | Abyss:1  | Gained mutation: You have hidden genetic defects. [a
                  | cacodemon]
 23637 | Abyss:1  | Killed a cacodemon
 23637 | Abyss:1  | Received a gift from Trog
 23681 | Abyss:1  | Noticed a tentacled starspawn
 23728 | Abyss:1  | Noticed a starcursed mass
 23830 | Abyss:1  | Noticed a tentacled starspawn
 23959 | Abyss:1  | Noticed a tentacled starspawn
 24034 | Abyss:1  | Noticed a deep elf demonologist
 24063 | Abyss:1  | Noticed an Ice Fiend
 24064 | Abyss:1  | Noticed a Hell Sentinel
 24235 | Abyss:1  | Reached skill level 14 in Fighting
 24307 | Abyss:1  | Noticed a lich
 24319 | Abyss:1  | Blown up by a lich

Illustrated notes

Levels and vault maps discovered:
D:1:      saegor_arrival_simple_c, layout_loops_ring
D:2:      layout_basic, hellmonk_ecumenical_altar_pennies_from_heaven,
          minmay_misc_feat_rugged, uniq_crazy_yiuf_cottage, uniq_robin
D:3:      layout_rooms, nicolae_overflow_quartered_altars, uniq_grinder
D:4:      layout_loops_cross, gup_ossuary_entry_pyramid,
          dilly_guarded_unrand_morg
D:5:      layout_layer_cave, portal_sewer_entry_e, hex_tiny, dk_vineyard_2
D:6:      layout_rooms, nicolae_elemental_shop
D:7:      layout_loops_cross, minmay_temple_entry_trees,
          kennysheep_cluttered_room, uniq_menkaure
D:8:      minmay_cornered_nines, layout_loops_cross, nicolae_diode_intersection
D:9:      layout_roguey, uniq_harold
D:10:     layout_basic, okawaru_metal_pillars_1_2,
          gammafunk_temple_overflow_wave, lair_entry_dummy
D:11:     hangedman_cross_veins, layout_basic, hiddenorc2_lemuel, uniq_fannar
Temple:   minmay_freezing_vapour_temple
Lair:1:   layout_big_grid, grunt_megastairs_5, uniq_amaemon
Lair:2:   layout_loops_ring, swamp_mist, serial_bayou_shore_b,
          serial_bayou_shore_a, grunt_megastairs_1, lemuel_fruit_fields
Lair:3:   layout_loops_ring, dummy_snake_entry, special_room [special_room_bee],
          serial_bayou_pond_d
Lair:4:   layout_loops_ring, infiniplex_staircase_pool
Lair:5:   gammafunk_lair_ancient_temple, layout_hall_layers,
          dpeg_slime_entry_corner, hellmonk_guarded_unrand_seven_league_boots,
          uniq_urug
Abyss:1:  base: D:6, evilmike_abyss_exit_15, small_statue_intersection,
          evilmike_abyss_exit_chaos, evilmike_abyss_exit_chaos

Skill      XL: |  1  2  3  4  5  6  7  8  9 10 11 12 13 14 |
---------------+-------------------------------------------+-----
Dodging        | 2 3 4 5 7 |  7.0
Armour         | 3 4 5 6 7 9 10 11 13 | 13.7
Fighting       | 4 5 6 8 9 11 12 13 14 | 14.0
Maces & Flails | 4 5 6 7 8 10 11 12 | 12.9
Shields        | 5 7 9 10 | 10.4

Action                   |  1- 3 |  4- 6 |  7- 9 | 10-12 | 13-15 || total
-------------------------+-------+-------+-------+-------+-------++-------
Melee: Mace              |   115 |    68 |       |       |       ||   183
       Punch             |       |     2 |    11 |       |       ||    13
       Flail             |       |    54 |   282 |       |       ||   336
       Morningstar       |       |       |   404 |   607 |       ||  1011
       Eveningstar       |       |       |       |   226 |   498 ||   724
Invok: Berserk           |     1 |     1 |     3 |     2 |       ||     7
Evoke: Wand              |       |       |       |     6 |       ||     6
  Use: Scroll            |       |       |     6 |     5 |    12 ||    23
       Potion            |       |       |       |     1 |       ||     1
 Stab: Sleeping          |       |       |       |     1 |       ||     1
       Distracted        |       |       |       |       |     2 ||     2
Armor: Animal skin       |    10 |       |       |       |       ||    10
       Scale mail        |    44 |    25 |       |       |       ||    69
       Ring mail         |     7 |       |       |       |       ||     7
       Chain mail        |       |    46 |   504 |       |       ||   550
       Plate armour      |       |       |    50 |   608 |       ||   658
       Shadow dragon sca |       |       |       |    24 |   464 ||   488
Dodge: Dodged            |    69 |    43 |   351 |   399 |   345 ||  1207
Block: Buckler           |       |       |       |   132 |   220 ||   352
